 Dungeon Crawl Stone Soup version 0.31-a0-175-g9f7f995f2b (webtiles) character file.

Game seed: 15811258679654601530

391 qw the Shooter (level 6, -1/38 HPs)
             Began as a Gargoyle Hunter on June 17, 2023.
             Was an Initiate of Okawaru.
             Slain by an orc
             ... wielding a +0 whip
              (2 damage)
             ... on level 4 of the Dungeon.
             The game lasted 00:01:09 (3031 turns).

qw the Shooter (Gargoyle Hunter)                    Turns: 3031, Time: 00:01:09

Health: -1/38      AC:  9    Str: 15    XL:     6   Next: 80%
Magic:  6/6        EV: 10    Int:  7    God:    Okawaru [......]
Gold:   112        SH:  0    Dex: 13    Spells: 5/5 levels left

rFire   . . .        Y - +0 shortbow
rCold   . . .        (shield currently unavailable)
rNeg    + . .        a - +0 ring mail
rPois   inf          (helmet restricted)
rElec   +            (no cloak)
rCorr   .            (no gloves)
SInv    .            (no boots)
Will    .....        g - amulet of the acrobat
Stlth   +            (no ring)
HPRegen 0.26/turn    (no ring)
MPRegen 0.10/turn

%: acrobat
@: no status effects
A: sickness immunity, AC +4, negative energy resistance 1, electricity
resistance, torment resistance 1, petrification resistance, horns 1, clumsy 1,
dopey 1
a: Renounce Religion


You were on level 4 of the Dungeon.
You worshipped Okawaru.
Okawaru was noncommittal.
You visited 2 branches of the dungeon, and saw 5 of its levels.

You collected 112 gold pieces.


Innate Abilities, Weirdness & Mutations

You are immune to sickness and miasma.
Your stone body is resilient. (AC +4)
You are immune to poison.
You resist negative energy. (rN+)
You are resistant to electric shocks. (rElec)
You are resistant to unholy torment.
You are immune to petrification.
You have a pair of small horns on your head.
You are clumsy. (Dex -2)
You are dopey. (Int -2)


   Skills:
 - Level 4.2 Fighting
 + Level 7.0 Ranged Weapons
 - Level 1.2 Armour
 - Level 1.5 Dodging
 - Level 1.1 Stealth


You had 5 spell levels left.
You didn't know any spells.
Your spell library was empty.

Inventory:

Hand Weapons
 Y - a +0 shortbow (weapon)
Armour
 a - a +0 ring mail (worn)
Jewellery
 g - an amulet of the acrobat (around neck)
Scrolls
 c - a scroll of identify
 i - a scroll of brand weapon {unknown}
Potions
 b - a potion of resistance {unknown}
 d - a potion of mutation
 e - a potion of degeneration {unknown}
 f - a potion of attraction {unknown}
 h - a potion of haste {unknown}
 j - a potion of heal wounds {unknown}
 k - a potion of ambrosia {unknown}

Dungeon Overview and Level Annotations

Branches:
Dungeon (4/15)             Temple (1/1) D:4

Altars:
Ashenzari
Cheibriados
Dithmenos
Elyvilon
Gozag
Nemelex Xobeh
Okawaru
Qazlal
Sif Muna
Trog
Wu Jian
Zin
The Shining One

Shops:
D:3 [=


Message History

The iguana closely misses you.
The iguana bites you but does no damage.
The orc hits you with a +0 whip.
You shoot an arrow. The arrow hits the iguana.
The iguana is severely wounded.
The orc wizard hits you but does no damage.
The iguana barely misses you. The orc hits you but does no damage.
You shoot an arrow.
The arrow hits the iguana but does no damage.
The iguana is severely wounded.
The orc wizard casts a spell at you.
The puff of flame hits you but does no damage.
The iguana misses you. The orc hits you but does no damage.
You shoot an arrow. The arrow hits the iguana.
You kill the iguana!
Okawaru accepts your kill.
The orc wizard hits you but does no damage.
The orc barely misses you.
Your Ranged Weapons skill increases to level 7!
You shoot an arrow. The arrow misses the orc wizard.
The orc misses you. The orc barely misses you.
The orc wizard hits you but does no damage.
You shoot an arrow. The arrow hits the orc wizard.
The orc wizard is lightly wounded.
The orc barely misses you. The orc hits you with a +0 flail!
The orc wizard points at you and mumbles some strange words.
You resist with some effort.
You shoot an arrow. The arrow hits the orc wizard.
The orc wizard is moderately wounded.
The orc hits you but does no damage. The orc closely misses you.
The orc wizard hits you but does no damage.
You shoot an arrow. The arrow barely misses the orc wizard.
The orc hits you but does no damage. The orc barely misses you.
The orc hits you with a +0 whip.
You shoot an arrow.
The arrow closely misses the orc wizard.
The orc barely misses you.
The orc wizard hits you but does no damage.
The orc hits you with a +0 whip.
You die...

###########
#oo@......##########
#..oo#####...........
#..... ###########.
#....... #. ##.....##
#. #....## #. .##.##
#. #. #. #. #.


You could see an orc wizard and 3 orcs.

Vanquished Creatures
  Grinder (D:3)
  A jelly (D:4)
  An iguana (D:4)
  A sleepcap (D:4)
  3 adders (D:3)
  2 worms
  6 dart slugs
  8 orcs
  11 endoplasms
  2 giant cockroaches
  6 goblins
  8 hobgoblins
  2 kobolds
  4 ball pythons
  5 bats
  2 frilled lizards (D:1)
  12 rats
75 creatures vanquished.

Vanquished Creatures (others)
  A hobgoblin (D:1)
1 creature vanquished.

Grand Total: 76 creatures vanquished

Notes
Turn   | Place    | Note
-------+----------+-------------------------------------------
     0 | D:1      | qw the Gargoyle Hunter began the quest for the Orb.
     0 | D:1      | Reached XP level 1. HP: 12/12 MP: 1/1
     0 | D:1      | 0 ||| qw: Version: 0.3-a-2-g5ab2908
     0 | D:1      | 0 ||| qw: Game counter: 108
     0 | D:1      | 0 ||| qw: Always use a shield: true
     0 | D:1      | 0 ||| qw: God list: Okawaru
     0 | D:1      | 0 ||| qw: Allow faded altars: false
     0 | D:1      | 0 ||| qw: Do Orc after D:15 true
     0 | D:1      | 0 ||| qw: Do second Lair branch before Depths: true
     0 | D:1      | 0 ||| qw: Lair rune preference: random
     0 | D:1      | 0 ||| qw: Plans: Normal, Zot:1-4, Slime:5, God:TSO, Crypt,
                  | Tomb, Abyss, Pan, Hells, Win
     0 | D:1      | 0 ||| PLANNING D:1-11
   155 | D:1      | Reached XP level 2. HP: 17/17 MP: 2/2
   319 | D:1      | 319 ||| DROPPING +2 sling of flaming.
   495 | D:1      | Reached XP level 3. HP: 21/21 MP: 3/3
   558 | D:1      | Reached skill level 5 in Ranged Weapons
   681 | D:1      | 681 ||| UPGRADING to amulet of the acrobat.
   686 | D:1      | 686 ||| READING scroll labelled UMEEMO WURROYN.
   687 | D:1      | 687 ||| READING scroll labelled ROOJYE WETHECIW.
   688 | D:1      | 688 ||| READING scroll labelled VELISA WAATIUW.
   689 | D:1      | 689 ||| READING scroll labelled JUMUYSCH XOACI.
   690 | D:1      | 690 ||| DROPPING scroll of butterflies.
  1223 | D:2      | Reached skill level 3 in Fighting
  1298 | D:2      | 1298 ||| UPGRADING to +0 ring mail.
  1308 | D:2      | 1308 ||| DROPPING +0 leather armour.
  1309 | D:2      | 1309 ||| READING scroll labelled EHUOGEDWUMPA.
  1310 | D:2      | 1310 ||| DRINKING 2 lumpy puce potions.
  1310 | D:2      | Gained mutation: You are clumsy. (Dex -2) [potion of
                  | mutation]
  1310 | D:2      | Gained mutation: You are dopey. (Int -2) [potion of
                  | mutation]
  1310 | D:2      | Gained mutation: You have a pair of small horns on your
                  | head. [potion of mutation]
  1334 | D:3      | 1334 ||| STAIRDANCE
  1379 | D:3      | Reached skill level 1 in Armour
  1379 | D:3      | Reached XP level 4. HP: 24/28 MP: 4/4
  1515 | D:3      | Noticed Grinder
  1532 | D:3      | Killed Grinder
  1533 | D:3      | Reached skill level 6 in Ranged Weapons
  1533 | D:3      | Reached XP level 5. HP: 29/32 MP: 5/5
  1533 | D:3      | Reached XP level 6. HP: 33/37 MP: 6/6
  1643 | D:3      | Found Xoghot's Armour Emporium.
  1646 | D:3      | 1646 ||| SHOPLISTING +2 robe of positive energy (147 gold,
                  | have 96).
  1710 | D:3      | Found an ornate altar of the Wu Jian Council.
  2235 | D:3      | Found a glowing golden altar of the Shining One.
  2244 | D:3      | Found a glowing silver altar of Zin.
  2260 | D:3      | Found Zaclur's Jewellery Shoppe.
  2265 | D:3      | 2265 ||| SHOPLISTING +6 ring of dexterity (396 gold, have
                  | 112).
  2265 | D:3      | 2265 ||| SHOPLISTING ring of resist corrosion (220 gold,
                  | have 112).
  2265 | D:3      | 2265 ||| SHOPLISTING ring of see invisible (165 gold, have
                  | 112).
  2438 | D:3      | 2438 ||| DROPPING ring of magical power.
  2439 | D:3      | 2439 ||| READING scroll labelled REYL YDUHIM.
  2677 | D:4      | Found a staircase to the Ecumenical Temple.
  2678 | D:4      | 2678 ||| PLANNING TEMPLE
  2684 | Temple   | Entered the Ecumenical Temple
  2725 | Temple   | 2725 ||| PLANNING OKAWARU WORSHIP
  2939 | Temple   | Became a worshipper of Warmaster Okawaru
  2940 | Temple   | 2940 ||| PLANNING D:1-11
  3023 | D:4      | HP: 9/38 [orc/+0 whip (4)]
  3027 | D:4      | Reached skill level 7 in Ranged Weapons
  3028 | D:4      | HP: 2/38 [orc/+0 flail (8)]
  3031 | D:4      | Slain by an orc

Levels and vault maps discovered:
D:1:      dpeg_arrival_rooms_a, layout_loops_cross, lemuel_flame_loot_1
D:2:      layout_basic, patterned_corridor
D:3:      minmay_diamond_boxcup, layout_basic, lemuel_crystal_altar,
          mainiacjoe_overflow_swirl, serial_shops, shop,
          nicolae_shop_real_fake_doors, nicolae_underground_beach, uniq_grinder
D:4:      layout_loops_ring, minmay_overflow_temple_hex,
          minmay_temple_entry_drinking_statues
Temple:   dpeg_chambers_temple

Skill      XL: |  1  2  3  4  5  6 |
---------------+-------------------+-----
Ranged Weapons | 5 6 7 |  7.0
Fighting       | 3 4 |  4.2
Armour         | 1 |  1.2
Dodging        | |  1.5
Stealth        | |  1.1

Action                     |  1- 3 |  4- 6 || total
---------------------------+-------+-------++-------
   Fire: Shortbow          |   116 |   153 ||   269
    Use: Scroll            |     5 |     1 ||     6
         Potion            |     1 |       ||     1
 Armour: Leather armour    |     9 |       ||     9
         Ring mail         |    11 |    45 ||    56
  Dodge: Dodged            |    18 |    55 ||    73

Table legend:
 A = Non-vault XP
 B = Vault XP
 C = Vault XP percentage of total XP
 D = Non-vault monster count
 E = Vault monster count
 F = Vault count percentage of total count
                 A         B        C        D         E       F
            +---------+---------+-------+---------+---------+-------
      Total |     271 |     288 |  51.5 |      66 |       9 |  12.0
            +---------+---------+-------+---------+---------+-------
        D:1 |      39 |       0 |   0.0 |      21 |       0 |   0.0
        D:2 |      37 |       0 |   0.0 |      19 |       0 |   0.0
        D:3 |      67 |     288 |  81.1 |      19 |       9 |  32.1
        D:4 |     128 |       0 |   0.0 |       7 |       0 |   0.0
            +---------+---------+-------+---------+---------+-------
